Map: 2000 Atmospheres LE

Players

EGOeleven - Winner!

  • Race: Terran Terran
  • League: Gold

Throwfordays

  • Race: Protoss Protoss
  • League: Silver

VOD

Have the link to the VOD?

Description

Time

  • Played on: Aug. 26, 2021, 10:18 p.m.
  • Length: 10:47
Show
View Real Time Build Order
Export as new Build Order

EGOeleven Terran - Winner!

Build Orders:  

Get SALT Encoding   

  12  0:00  SCV  
  13  0:13  SCV  
  14  0:17  Supply Depot  
  14  0:25  SCV  
  15  0:41  Supply Depot, Barracks  
  15  0:46  SCV  
  16  0:53  Refinery  
  16  0:58  SCV  
  17  1:10  SCV  
  18  1:22  SCV  
  19  1:34  SCV  
  19  1:38  Reaper  
  21  1:43  Command Center  
  21  1:46  SCV  
  22  1:52  Refinery  
  22  1:59  SCV  
  23  2:10  Barracks Tech Lab  
  23  2:11  SCV  
  24  2:23  SCV  
  24  2:28  Combat Shield  
  25  3:20  SCV  
  25  3:24  Factory  
  25  3:25  Orbital Command  
  26  3:27  Marauder  
  26  3:32  SCV, Engineering Bay  
  29  3:44  SCV  
  30  3:49  Marauder  
  32  3:56  SCV x2  
  34  4:05  Supply Depot  
  34  4:09  SCV  
  35  4:10  Marauder  
  37  4:18  Factory Tech Lab  
  37  4:19  Barracks  
  37  4:21  SCV  
  37  4:23  Starport  
  38  4:27  SCV  
  38  4:29  Supply Depot  
  39  4:33  SCV  
  39  4:37  Siege Tank  
  43  4:39  SCV  
  43  4:42  Stimpack  
  43  4:45  SCV  
  45  4:51  SCV, Supply Depot  
  46  4:57  SCV  
  46  5:09  Siege Tank  
  49  5:16  Planetary Fortress  
  49  5:21  Barracks Reactor  
  49  5:23  Barracks  
  49  5:28  Barracks, Starport Reactor  
  49  5:32  SCV  
  50  5:41  Siege Tank  
  53  5:47  SCV  
  54  5:57  Bunker  
  54  6:11  Supply Depot  
  54  6:16  Supply Depot  
  54  6:21  Barracks Reactor  
  54  6:22  Barracks Reactor  
  54  6:32  Marine x2, Medivac x2  
  54  6:33  SCV, Supply Depot  
  54  6:36  Refinery  
  54  6:37  SCV  
  54  6:38  Refinery, Supply Depot  
  54  6:49  SCV  
  54  6:50  Marine x2  
  54  7:00  Siege Tank  
  56  7:06  Supply Depot  
  56  7:08  Marine x2  
  56  7:15  Marine x5  
  59  7:21  Supply Depot x2  
  63  7:26  Marine x2  
  63  7:27  SCV  
  66  7:33  Marine x5  
  71  7:39  SCV  
  71  7:42  Engineering Bay  
  71  7:43  Terran Infantry Weapons Level 1  
  71  7:44  Marine x2  
  74  7:46  Armory  
  74  7:51  Marine x5  
  75  7:56  Siege Tank  
  82  8:01  Marine x2, SCV  
  85  8:06  Refinery  
  85  8:08  Marine  
  85  8:09  Marine x4  
  90  8:13  SCV  
  91  8:25  SCV  
  91  8:26  Marine  
  91  8:27  Marine x6  
  91  8:28  Siege Tank  
  100  8:34  Supply Depot  
  100  8:37  Terran Infantry Armor Level 1  
  100  8:44  Marine x2  
  100  8:45  Marine x5  
  96  9:02  Marine x7  
  101  9:20  Marine x7  
  108  9:37  Command Center  
  108  9:38  Marine, Medivac x2  
  113  9:39  Marine x5  
  118  9:46  Supply Depot  
  118  9:50  Supply Depot  
  118  10:07  Marine x7  
  118  10:12  Medivac x2  
  129  10:25  Marine x5  
Show
View Real Time Build Order
Export as new Build Order

Throwfordays Protoss 

Build Orders: 1 Gate Expand 

Get SALT Encoding   

  12  0:00  Probe  
  13  0:13  Probe  
  14  0:20  Pylon  
  14  0:25  Probe  
  15  0:38  Probe  
  15  0:41  Assimilator  
  16  0:49  Gateway  
  16  0:50  Probe  
  17  1:08  Probe  
  18  1:20  Probe  
  19  1:32  Probe  
  20  1:33  Nexus  
  20  1:43  Cybernetics Core  
  20  1:52  Assimilator  
  20  2:00  Gateway  
  20  2:06  Probe  
  21  2:18  Probe  
  21  2:21  Pylon, Warp Gate (Chrono Boost)  
  22  2:30  Probe  
  22  2:33  Shield Battery  
  23  2:39  Adept  
  24  2:48  Adept  
  25  2:54  Pylon  
  25  2:57  Probe  
  26  3:09  Probe  
  25  3:21  Shield Battery  
  25  3:23  Probe  
  26  3:28  Stalker x2  
  30  3:37  Probe (Chrono Boost)  
  30  3:41  Probe (Chrono Boost)  
  33  3:51  Probe (Chrono Boost)  
  33  3:52  Probe (Chrono Boost)  
  34  3:56  Probe (Chrono Boost)  
  35  4:06  Stalker  
  35  4:07  Probe  
  38  4:11  Stalker  
  40  4:19  Probe (Chrono Boost)  
  41  4:30  Probe (Chrono Boost)  
  41  4:31  Probe (Chrono Boost)  
  43  4:35  Probe (Chrono Boost)  
  43  4:37  Gateway, Probe (Chrono Boost)  
  45  4:39  Gateway  
  45  4:45  Probe  
  45  4:49  Probe  
  47  4:57  Probe  
  48  5:01  Probe  
  49  5:07  Pylon  
  49  5:13  Probe  
  50  5:26  Twilight Council  
  50  5:29  Stalker x2  
  50  5:30  Gateway  
  54  5:52  Stalker x2  
  54  5:53  Stalker  
  54  5:54  Stalker  
  62  5:57  Pylon  
  62  5:59  Pylon  
  62  6:16  Blink (Chrono Boost)  
  62  6:17  Stalker  
  62  6:18  Stalker x3  
  70  6:30  Probe  
  70  6:31  Forge  
  70  6:32  Forge, Assimilator  
  71  6:34  Forge  
  71  6:35  Assimilator  
  59  7:04  Stalker x4  
  59  7:05  Stalker  
  59  7:08  Robotics Facility  
  69  7:18  Protoss Ground Weapons Level 1, Protoss Ground Armor Level 1  
  69  7:22  Probe  
  70  7:24  Probe  
  71  7:34  Probe  
  71  7:36  Probe  
  73  7:39  Nexus  
  73  7:41  Assimilator  
  73  7:43  Stalker x2  
  77  7:46  Assimilator, Probe  
  77  7:47  Pylon  
  77  7:48  Pylon  
  77  7:49  Pylon  
  78  7:53  Pylon  
  78  7:55  Pylon  
  81  8:05  Probe x2  
  81  8:06  Observer  
  81  8:17  Probe x2  
  83  8:24  Stalker x5  
  92  8:27  Observer  
  92  8:30  Probe x2  
  82  8:53  Stalker  
  82  8:54  Stalker x4  
  70  9:09  Pylon  
  66  9:11  Pylon  
  66  9:22  Stalker  
  66  9:23  Stalker x3  
  70  9:28  Shield Battery  
  70  9:31  Pylon  
  70  9:33  Shield Battery  
  70  9:34  Shield Battery, Templar Archives  
  70  9:46  Zealot  
  70  9:47  Zealot  
  70  9:48  Zealot  
  76  9:53  Zealot  
  76  9:56  Probe  
  79  10:08  Zealot x2, Probe  
  84  10:20  Probe  
  85  10:22  Pylon  
  85  10:23  Pylon  
  85  10:26  Pylon  
Tags
 
Add a new tag
Caveats
  • Supply blocks, unpowered buildings, or Contaminate may cause inaccurate times.
  • Supply counts are checked every 10 seconds.